 Dungeon Crawl Stone Soup version 0.27-a0-216-g1fbed8a51c (webtiles) character file.

Game seed: 2277492760287019159

9 knot the Chopper (level 2, 20/24 HPs)
             Began as a Demonspawn Berserker on Feb 1, 2021.
             Was a Follower of Trog.
             Quit the game on level 1 of the Dungeon.
             The game lasted 00:00:23 (586 turns).

knot the Chopper (Demonspawn Berserker)              Turns: 586, Time: 00:00:24

Health: 20/24      AC:  2    Str: 17    XL:     2   Next: 3%
Magic:  2/2        EV: 12    Int:  8    God:    Trog [*.....]
Gold:   20         SH:  0    Dex: 12    Spells: 1/1 levels left

rFire    . . .     SeeInvis .   a - +0 hand axe
rCold    . . .     Faith    .   (no shield)
rNeg     . . .     Spirit   .   b - +0 animal skin
rPois    +         Reflect  .   (no helmet)
rElec    .         Harm     .   (no cloak)
rCorr    .         Rampage  .   (no gloves)
Will     .....                  (no boots)
Stlth    +.........             (no amulet)
HPRegen  0.08/turn              h - ring of flight
MPRegen  0.08/turn              i - ring of poison resistance

@: no status effects
A: spiny 1
a: Renounce Religion, Evoke Flight, Berserk


You were on level 1 of the Dungeon.
You worshipped Trog.
Trog was aware of your devotion.
You visited 1 branch of the dungeon, and saw 1 of its levels.

You collected 20 gold pieces.

Inventory:

Hand Weapons
 a - a +0 hand axe (weapon)
Missiles
 d - 4 stones
Armour
 b - a +0 animal skin (worn)
Jewellery
 h - a ring of flight (left hand)
 i - a ring of poison resistance (right hand)
Scrolls
 c - a scroll of identify {unknown}
 e - a scroll of amnesia {unknown}
 f - a scroll of teleportation {unknown}
 g - a scroll of enchant armour {unknown}


   Skills:
 - Level 3.0 Fighting
 + Level 3.2 Axes
 - Level 1.7 Armour
 - Level 1.7 Dodging


You had one spell level left.
You didn't know any spells.
Your spell library was empty.

Dungeon Overview and Level Annotations

Branches:
Dungeon (1/15)

Altars:


Innate Abilities, Weirdness & Mutations

You are partially covered in sharp spines.


Message History

Found a stone staircase leading down.
There is a stone staircase leading down here.
A rat comes into view.
i - a ring of poison resistance (right hand)
A frilled lizard and a rat come into view.
The frilled lizard hisses angrily.
You closely miss the rat. The rat misses you.
You closely miss the rat. You hit the rat but do no damage.
The rat barely misses you. The rat bites you.
You hit the rat.
You kill the rat!
Trog accepts your kill.
You hit the rat.
You kill the rat!
Trog accepts your kill.
You closely miss the frilled lizard. The frilled lizard bites you.
You have reached level 2!
Your demonic ancestry asserts itself...
Sharp spines emerge from parts of your body.
Are you sure you want to abandon this character and quit the game? (Confirm with "yes".)

#######....## .
.........>...## #
##.######.##...## #
....# #.##....## #.# #
.....# #.##.....###.###
......# #.##......#.....
....... #.##.#....##.###
.......##.##.#.#...#.###
......l@..##.#.##.....##
#...##.#####.#..†.......
# #. #.#.###.....# ..
..#.# #...... ###
###.####.....
#..PP...#.. #.
#PP.♣♣..#.♣ #.♣♣♣♣♣
#P.♣♣♣..#♣♣ ......
#P.♣♣P..#♣♣


You could see a frilled lizard.

Vanquished Creatures
  A giant cockroach (D:1)
  A goblin (D:1)
  A hobgoblin (D:1)
  A kobold (D:1)
  2 bats (D:1)
  3 rats (D:1)
9 creatures vanquished.

Notes
Turn   | Place    | Note
-------+----------+-------------------------------------------
     0 | D:1      | knot the Demonspawn Berserker began the quest for the Orb.
     0 | D:1      | Reached XP level 1. HP: 18/18 MP: 1/1
   586 | D:1      | Gained mutation: You are partially covered in sharp spines.
                  | [demonic ancestry]
   586 | D:1      | Reached XP level 2. HP: 20/24 MP: 2/2
   586 | D:1      | Quit the game

Illustrated notes

Levels and vault maps discovered:
D:1:      enne_arrival_octagon_isle, layout_loops_ring, serial_forest,
          infiniplex_forest_clump_small, infiniplex_forest_corner_1,
          infiniplex_forest_clump_medium, infiniplex_forest_corner_2,
          infiniplex_forest_end_2, infiniplex_forest_corner_2,
          infiniplex_forest_lined_3, infiniplex_forest_clump_long,
          nrook_mini_backslash

Skill      XL: |  1 |
---------------+----+-----
Axes           | 3 |  3.2
Fighting       | |  3.0
Armour         | |  1.7
Dodging        | |  1.7

Action                   || total
-------------------------++-------
Melee: Hand axe          ||    37
Armor: Animal skin       ||     4
Dodge: Dodged            ||    20

Table legend: (Time is in decaauts)
 A = Elapsed time spent in this place.
 B = Non-inter-level travel time spent in this place.
 C = Inter-level travel time spent in this place.
 D = Time resting spent in this place.
 E = Time spent auto-exploring this place.
 F = Levels seen in this place.
 G = Mean time per level.
                   A        B        C        D        E       F      G
               +--------+--------+--------+--------+--------+-----+--------+
         Total |    590 |    590 |      0 |    178 |    335 |   1 |  590.0 |
       Dungeon |    590 |    590 |      0 |    178 |    335 |   1 |  590.0 |
               +--------+--------+--------+--------+--------+-----+--------+

Top non-repeatable levels by time:
     D:1: 590 daAuts
